 Dungeon Crawl Stone Soup version 0.16.2-3-ga078185 (webtiles) character file.

100 gorblad the Sneak (level 4, -1/46 HPs)
             Began as an Ogre Assassin on Sept 8, 2015.
             Was an Initiate of Okawaru.
             Slain by raikaria's ghost (3 damage)
             ... on level 3 of the Dungeon.
             The game lasted 00:09:29 (2012 turns).

gorblad the Sneak (Ogre Assassin)                   Turns: 2012, Time: 00:09:29

Health: -1/46      AC:  4    Str: 16    XL:     4   Next: 74%
Magic:  4/4        EV:  7    Int: 10    God:    Okawaru [......]
Gold:   101        SH:  6    Dex: 12    Spells: 0 memorised, 3 levels left

rFire  . . .     SeeInvis .     l - +2 short sword (speed)
rCold  . . .     Clarity  .     n - +0 robe
rNeg   . . .     SustAb   .     z - +0 shield (curse)
rPois  +         Gourm    .     (helmet restricted)
rElec  .         Spirit   .     m - +0 cloak
rCorr  .         Warding  .     (gloves unavailable)
rMut   .         Stasis   .     (boots unavailable)
MR     .....                    (no amulet)
Stlth  ++........               (no ring)
                                (no ring)

@: not resistant to hostile enchantments, unstealthy
A: unfitting armour, deterioration 1, poison resistance, screaming 1, tough skin
1
a: Renounce Religion


You were on level 3 of the Dungeon.
You worshipped Okawaru.
Okawaru was noncommittal.
You were hungry.

You visited 1 branch of the dungeon, and saw 3 of its levels.

You collected 101 gold pieces.

Inventory:

Hand weapons
 a - a +2 dagger
 b - a +0 blowgun
 j - a -3 short sword (quivered)
 l - a +2 short sword of speed (weapon)
 v - a +0 rapier
Missiles
 e - 8 poisoned needles
 f - 2 curare-tipped needles
Armour
 c - a +0 robe
 d - a +0 cloak
 m - a +0 cloak (worn)
 n - a +0 robe (worn)
 x - a cursed +0 scale mail
 z - a cursed +0 shield (worn)
Magical devices
 y - a wand of polymorph (8)
Scrolls
 q - 2 scrolls of identify
 u - a scroll of enchant weapon
Potions
 k - a potion of brilliance
 o - a potion of resistance {unknown}
 r - a potion of ambrosia
 w - a potion of haste {unknown}
Comestibles
 g - 2 meat rations
 s - 2 bread rations


   Skills:
 + Level 3.6 Fighting
 + Level 1.7 Short Blades
 + Level 2.2 Throwing
 + Level 2.1 Dodging
 + Level 4.0 Stealth


You had 3 spell levels left.
You didn't know any spells.

Dungeon Overview and Level Annotations

Branches:
Dungeon (3/15)

Altars:
Okawaru
Qazlal
Ru
Zin

Annotations:
D:3 raikaria's ghost, average DrVM


Innate Abilities, Weirdness & Mutations

You are too large for most types of armour.
You have tough skin (AC +1).
Your body is slowly deteriorating.
Your system is resistant to poisons.
You occasionally shout uncontrollably at your foes.


Message History

The ball explodes into a vile cloud!
The stinking cloud engulfs you!
The stinking cloud engulfs raikaria's ghost.
Your shield prevents you from hitting raikaria's ghost.
Raikaria's ghost is severely damaged.
Raikaria's ghost barely misses you.
You barely miss raikaria's ghost.
Raikaria's ghost is severely damaged.
Raikaria's ghost casts a spell at you.
The ball explodes into a vile cloud!
The stinking cloud engulfs you!
The stinking cloud engulfs raikaria's ghost.
You hit raikaria's ghost.
Raikaria's ghost is almost destroyed.
You barely miss raikaria's ghost.
Raikaria's ghost is almost destroyed.
Raikaria's ghost casts a spell at you. The sting hits you! You resist.
You hit raikaria's ghost.
Raikaria's ghost is almost destroyed.
Raikaria's ghost hits you.
You die...

............# #)...............#
#####.####.####.(.......W......#
....####.##....##'##.........#
###>..........÷+.W##.........#
#.####.##....##..#########.#
#........##..## #.#
#........##...# #.#
#.....§§§##.#.## #.W
#.....§@W......# #.#
#......§§......## #.#
#.................# #.#
...#.#.####.....#.# ###'# ..
#.#. #.....#.# #.... + #.
#.....#.# #.... #. ###+###.##
#.... #. ####.###..# #.... .
..........###....


You could see raikaria's ghost.

Vanquished Creatures
  Jessica (D:2)
  A gnoll (D:1)
  2 adders (D:2)
  A worm (D:2)
  3 oozes
  An orc (D:3)
  A ball python (D:1)
  8 bats
  2 giant cockroaches
  5 goblins (D:1)
  8 hobgoblins
  5 kobolds
  2 quokkas (D:2)
  3 giant newts
  3 rats
46 creatures vanquished.

Notes
Turn   | Place    | Note
--------------------------------------------------------------
     0 | D:1      | gorblad, the Ogre Assassin, began the quest for the Orb.
     0 | D:1      | Reached XP level 1. HP: 22/22 MP: 1/1
   134 | D:1      | Reached XP level 2. HP: 29/29 MP: 2/2
   234 | D:1      | Reached skill level 1 in Dodging
   283 | D:1      | Reached XP level 3. HP: 27/36 MP: 3/3
   296 | D:1      | Found an iron altar of Okawaru.
   375 | D:1      | Became a worshipper of Warmaster Okawaru
   964 | D:2      | Found a glowing silver altar of Zin.
  1039 | D:2      | Reached skill level 4 in Stealth
  1088 | D:2      | Reached XP level 4. HP: 41/45 MP: 4/4
  1233 | D:2      | Found a sacrificial altar of Ru.
  1347 | D:2      | Found a stormy altar of Qazlal.
  1365 | D:2      | Noticed Jessica
  1372 | D:2      | Killed Jessica
  1882 | D:3      | Noticed raikaria's ghost (average DrVM)
  1926 | D:3      | Gained mutation: Your system is resistant to poisons. [potion of mutation]
  1926 | D:3      | Gained mutation: You occasionally shout uncontrollably at your foes. [potion of mutation]
  1926 | D:3      | Gained mutation: Your body is slowly deteriorating. [potion of mutation]
  1984 | D:3      | HP: 2/46 [poisoned by raikaria's ghost (sting)]
  2006 | D:3      | HP: 2/46 [raikaria's ghost (5)]
  2012 | D:3      | Slain by raikaria's ghost

Action                   |  1- 3 |  4- 6 || total
-------------------------+-------+-------++-------
Melee: Dagger            |    11 |       ||    11
       Short sword       |   120 |    85 ||   205
       Unarmed           |       |     3 ||     3
Evoke: Wand              |       |     3 ||     3
  Use: Scroll            |     3 |     5 ||     8
       Potion            |     2 |     5 ||     7
 Stab: Sleeping          |     1 |     1 ||     2
  Eat: Chunk             |     1 |     2 ||     3
